 Dungeon Crawl Stone Soup version 0.25.0-9-g26727b657a (webtiles) character file.

Game seed: 5117614431570920985

354 gruber the Twirler (level 6, -1/35 HPs)
             Began as a Gargoyle Gladiator on June 17, 2020.
             Slain by Eustachio the water moccasin (4 damage)
             ... on level 5 of the Dungeon.
             The game lasted 00:03:52 (3159 turns).

gruber the Twirler (Gargoyle Gladiator)             Turns: 3159, Time: 00:03:52

Health: -1/35      AC: 10    Str: 19    XL:     6   Next: 63%
Magic:  6/6        EV: 12    Int:  9    God:
Gold:   52         SH:  0    Dex: 11    Spells: 5/5 levels left

rFire    . . .     SeeInvis .   h - +0 spear (vorpal)
rCold    . . .     Gourm    .   (no shield)
rNeg     + . .     Faith    .   b - +0 leather armour
rPois    ∞         Spirit   .   c - +0 helmet
rElec    +         Reflect  .   g - +0 cloak
rCorr    .         Harm     .   (no gloves)
MR       .....                  n - +0 pair of boots
Stlth    +.........             (no amulet)
HPRegen  0.11/turn              (no ring)
MPRegen  0.10/turn              (no ring)

@: no status effects
A: negative energy resistance 1, electricity resistance, unbreathing,
petrification resistance, rot immunity, AC +4
a: no special abilities


You were on level 5 of the Dungeon.
You were hungry.

You visited 1 branch of the dungeon, and saw 5 of its levels.

You collected 52 gold pieces.

Inventory:

Hand Weapons
 a - a +0 quarterstaff
 h - a +0 vorpal spear (weapon)
Missiles
 l - 2 throwing nets (quivered)
Armour
 b - a +0 leather armour (worn)
 c - a +0 helmet (worn)
 g - a +0 cloak (worn)
 n - a +0 pair of boots (worn)
Wands
 d - a wand of polymorph (5)
Scrolls
 e - a scroll of enchant weapon {unknown}
 k - 2 scrolls of identify {unknown}
 o - a scroll of noise {unknown}
Potions
 i - a potion of heal wounds
 j - a potion of degeneration {unknown}
Comestibles
 f - 7 rations


   Skills:
 - Level 2.1 Fighting
 + Level 7.2 Staves
 - Level 1.7 Throwing
 - Level 2.4 Dodging


You had 5 spell levels left.
You didn't know any spells.
Your spell library was empty.

Dungeon Overview and Level Annotations

Branches:
Dungeon (6/15)
 Temple: D:4-7

Altars:
Fedhas
Sif Muna

Annotations:
D:5 Eustachio


Innate Abilities, Weirdness & Mutations

You are resistant to torment.
Your stone body is resilient. (AC +4)
You are immune to poison.
You resist negative energy. (rN+)
You are resistant to electric shocks. (rElec)
You can survive without breathing.
You are immune to petrification.
You are immune to rotting.


Message History

The hound skeleton misses you. Eustachio bites you.
* * * LOW HITPOINT WARNING * * *
The quokka bites you but does no damage.
You closely miss Eustachio.
Eustachio is severely wounded.
The rat bites you but does no damage. Eustachio closely misses you.
The hound skeleton closely misses you.
The quokka bites you but does no damage.
The rat bites you but does no damage.
Unknown command.
You barely miss Eustachio.
Eustachio is severely wounded.
The rat bites you but does no damage. Eustachio bites you but does no damage.
The hound skeleton closely misses you.
The quokka bites you but does no damage.
Unknown command.
You barely miss Eustachio.
Eustachio is severely wounded.
The rat barely misses you. Eustachio bites you.
You die...

#######.... #.....#...
#........ .......
..... .....# ....#
....###.#...######
#Zr.....#...##....
#@r.# #...##.... #rS.#
#...# ....
####r..#####...#####.
......................
.............##.#####.
############..^....##.
#.......##.
#.......##.
#.......##.


You could see Eustachio the water moccasin, 2 quokkas, 2 rats and a hound
skeleton.

Vanquished Creatures
  A centaur (D:6)
  A bullfrog skeleton (D:6)
  Terence (D:2)
  Natasha (thrice) (D:2)
  2 hound skeletons
  2 adders
  A gnoll (D:1)
  2 oozes
  An adder skeleton (D:3)
  6 worms
  2 dart slugs (D:1)
  2 leopard geckos (D:2)
  2 orcs
  A ball python (D:2)
  11 bats
  2 giant cockroaches
  8 goblins
  6 hobgoblins
  3 jackals (D:1)
  6 frilled lizards
  A jackal skeleton (D:3)
  A kobold (D:1)
  3 rats
68 creatures vanquished.

Notes
Turn   | Place    | Note
-------+----------+-------------------------------------------
     0 | D:1      | gruber the Gargoyle Gladiator began the quest for the Orb.
     0 | D:1      | Reached XP level 1. HP: 12/12 MP: 1/1
   107 | D:1      | Reached XP level 2. HP: 17/17 MP: 2/2
   218 | D:1      | Reached skill level 4 in Staves
   218 | D:1      | Reached XP level 3. HP: 18/21 MP: 3/3
  1342 | D:2      | Reached XP level 4. HP: 18/26 MP: 4/4
  1491 | D:2      | Noticed Natasha
  1527 | D:2      | Killed Natasha
  1527 | D:2      | Reached skill level 5 in Staves
  1619 | D:2      | Noticed Natasha
  2082 | D:2      | Found a shimmering blue altar of Sif Muna.
  2094 | D:2      | Killed Natasha
  2094 | D:2      | Reached XP level 5. HP: 17/30 MP: 5/5
  2138 | D:2      | Noticed Natasha
  2156 | D:2      | HP: 1/30 [Natasha (1)]
  2161 | D:2      | Killed Natasha
  2309 | D:2      | Noticed Terence
  2364 | D:2      | Killed Terence
  2364 | D:2      | Reached skill level 6 in Staves
  2860 | D:3      | Found a blossoming altar of Fedhas.
  2866 | D:3      | Reached XP level 6. HP: 35/35 MP: 6/6
  2877 | D:3      | You fall into a shaft and drop 3 floors!
  2890 | D:6      | Reached skill level 7 in Staves
  2971 | D:5      | Entered Level 5 of the Dungeon
  3125 | D:5      | Noticed Eustachio
  3146 | D:5      | Noticed Eustachio
  3146 | D:5      | Eustachio changed into Eustachio the water moccasin
  3159 | D:5      | Slain by Eustachio the water moccasin

Illustrated notes

Levels and vault maps discovered:
D:1:      minmay_arrival_four_circles, layout_loops_corners
D:2:      layout_basic, led_sif_pool, uniq_natasha, uniq_terence
D:3:      layout_rooms, first_ration, lemuel_statue_altar
D:5:      layout_basic, chequers_ossuary_entry_cave, hangedman_decor_points,
          minmay_misc_feat_iff, eino_tiny_chamber, uniq_eustachio
D:6:      layout_rooms, minmay_temple_entry_stoned_glass, serial_shops,
          kennysheep_mini_moat

Skill      XL: |  1  2  3  4  5  6 |
---------------+-------------------+-----
Staves         | 4 5 6 7 |  7.2
Fighting       | |  2.1
Throwing       | |  1.7
Dodging        | |  2.4

Action                   |  1- 3 |  4- 6 || total
-------------------------+-------+-------++-------
Melee: Quarterstaff      |    30 |       ||    30
       Spear             |    94 |   253 ||   347
       Unarmed           |       |     6 ||     6
Throw: Throwing net      |       |    13 ||    13
Evoke: Wand              |       |     1 ||     1
  Use: Potion            |       |     1 ||     1
 Stab: Held in net/web   |       |     4 ||     4
  Eat: Chunk             |     1 |     6 ||     7
Armor: Leather armour    |    54 |   109 ||   163
Dodge: Dodged            |    82 |   180 ||   262
